 Seeded DCSS version 0.28.0-53-g5a82cb258f (webtiles) character file.

Game seed: 123456789 (custom seed)

54 Kazon the Skirmisher (level 3, 0/31 HPs)
             Began as a Palentonga Fighter on July 21, 2022.
             Killed from afar by Sigmund (9 damage)
             ... with a puff of flame
             ... on level 2 of the Dungeon.
             The game lasted 00:03:41 (1229 turns).

Kazon the Skirmisher (Palentonga Fighter)           Turns: 1229, Time: 00:03:42

Health: 0/31       AC:  6    Str: 21    XL:     3   Next: 66%
Magic:  3/3        EV:  7    Int:  8    God:
Gold:   24         SH:  4    Dex:  9    Spells: 2/2 levels left

rFire   . . .      SeeInvis +   a - +0 flail
rCold   . . .      Faith    .   c - +0 buckler
rNeg    . . .      Spirit   .   b - +0 scale mail
rPois   .          Reflect  .   (no helmet)
rElec   .          Harm     .   (no cloak)
rCorr   .          Rampage  .   (no gloves)
Will    .....                   (no barding)
Stlth   ..........              (no amulet)
HPRegen 0.10/turn               (no ring)
MPRegen 0.08/turn               (no ring)

@: hasted, very quick
A: large, rugged brown scales 3, see invisible, deformed body, roll 1, armoured
tail
a: Rolling Charge


You were on level 2 of the Dungeon.
You visited 1 branch of the dungeon, and saw 2 of its levels.

You collected 24 gold pieces.

Inventory:

Hand Weapons
 a - a +0 flail (weapon)
Missiles
 g - 18 bolts
 h - 2 stones
Armour
 b - a +0 scale mail (worn)
 c - a +0 buckler (worn)
Scrolls
 f - a scroll of magic mapping {unknown}
 i - 2 scrolls of identify {unknown}
Potions
 d - a potion of might


   Skills:
 + Level 3.4 Fighting
 + Level 2.6 Maces & Flails
 + Level 2.7 Armour
 + Level 0.3 Stealth
 + Level 2.9 Shields


You had 2 spell levels left.
You didn't know any spells.
Your spell library contained the following spells:

 Spells                   Type           Power      Damage    Failure   Level
 Animate Skeleton         Necr           0%         N/A       83%         1
 Pain                     Necr           0%         1d4       83%         1
 Tukima's Dance           Hex            0%         N/A       99%         3
 Vampiric Draining        Necr           0%         2d6       99%         3
 Anguish                  Hex/Necr       0%         N/A       100%        4
 Enfeeble                 Hex            0%         N/A       100%        7


Dungeon Overview and Level Annotations

Branches:
Dungeon (1/15)

Altars:

Annotations:
D:2 Sigmund


Innate Abilities, Weirdness & Mutations

You are completely covered in rugged brown scales. (AC +3, +7% HP)
You have supernaturally acute eyesight. (SInv)
Armour fits poorly on your strangely shaped body.
You can roll at nearby foes to attack.
You have a long armoured tail.


Message History

Sigmund is almost dead.
Sigmund smiles chillingly.
Sigmund points at you and mumbles some strange words.
You are confused.
You bump into the rock wall.
Sigmund gestures at you while chanting.
You are more confused.
You bump into the rock wall.
Sigmund hits you but does no damage.
You bump into the rock wall.
Sigmund gestures at you while chanting. The puff of flame hits you.
You bump into the rock wall.
Sigmund hits you from afar with a +0 scythe.
The goblin completely misses you.
You barely miss the goblin. The goblin hits you but does no damage.
Sigmund barely misses you. The goblin hits you but does no damage.
Sigmund closely misses you.
You see here 28 bolts.
You bump into the rock wall.
The goblin hits you with a +0 club.
You barely miss the goblin.
Your tail-slap misses the goblin.
The goblin barely misses you. Sigmund gestures at you while chanting.
The puff of flame hits you!
* * * LOW HITPOINT WARNING * * *
The goblin hits you with a +0 club.
* * * LOW HITPOINT WARNING * * *
You're too confused to move!
You feel less confused. Sigmund barely misses you.
The goblin closely misses you.
Items here: )))) †††.
Sigmund screams, "Don't try to resist!"
It was a potion of haste.
You feel yourself speed up. Sigmund barely misses you.
You block the goblin's attack.
You hit the goblin.
The goblin is heavily wounded.
You hit the goblin.
You kill the goblin!
Sigmund casts a spell at you. The puff of flame hits you!
You die...

.# ## .. ##.#.
#>.... ... .# #.#
..###.# .## #.#
...#.#+##..# #.#
#.........# #.#
#.........#
#.#####)........#
#...@)@.........##
#.######.(.......#
#.##############.#
#...[....
#........
#.####### #.#
#.##.#######
#..........#


You could see Sigmund (invisible).

Vanquished Creatures
  An adder (D:2)
  2 worms (D:2)
  2 dart slugs
  3 bats (D:1)
  3 endoplasms
  A giant cockroach (D:1)
  7 goblins
  2 hobgoblins
  2 jackals (D:1)
  2 quokkas (D:1)
  2 ball pythons (D:2)
  A frilled lizard (D:1)
  2 kobolds (D:1)
  3 rats (D:1)
33 creatures vanquished.

Vanquished Creatures (others)
  A withered plant (D:1)
1 creature vanquished.

Grand Total: 34 creatures vanquished

Notes
Turn   | Place    | Note
-------+----------+-------------------------------------------
     0 | D:1      | Kazon the Palentonga Fighter began the quest for the Orb.
     0 | D:1      | Reached XP level 1. HP: 19/19 MP: 1/1
   200 | D:1      | Reached XP level 2. HP: 16/25 MP: 2/2
   343 | D:1      | Found a faded altar of an unknown god.
   886 | D:1      | You fall into a shaft and drop 1 floor!
   909 | D:2      | Reached XP level 3. HP: 14/31 MP: 3/3
  1204 | D:2      | Noticed Sigmund
  1229 | D:2      | Killed from afar by Sigmund

Illustrated notes

Levels and vault maps discovered:
D:1:      co_arrival_random_square_maze, layout_loops_cross,
          ebering_ecumenical_altar_petrified
D:2:      layout_basic, uniq_sigmund, uniq_crazy_yiuf_cottage, uniq_robin

Action                   || total
-------------------------++-------
Melee: Flail             ||   114
       Tailslap          ||    10
 Abil: Rolling Charge    ||    19
  Use: Potion            ||     1
Armor: Scale mail        ||    57
Dodge: Dodged            ||    39
Block: Buckler           ||    19
